[Event "Titled Tuesday Blitz May 4 2021"]
[White "Pein, Jonathan"]
[Black "Arias, Juan Cruz"]
[WhiteFideId "417092"]
[BlackFideId "118540"]
[WhiteElo "2167"]
[BlackElo "2083"]
[Result "1-0"]
[Round "04"]
[TimeControl "180+1"]
[Date "2021.05.04"]
[WhiteClock "0:00:33"]
[BlackClock "0:01:07"]

1. e4 e6 2. d3 d5 3. Nd2 Nf6 4. Ngf3 Nc6 5. e5 Nd7 6. d4 f6 7. exf6 Nxf6 8. Bd3 Bd6 9. O-O O-O 10. Re1 Bd7 11. c4 dxc4 12. Bxc4 Nd5 13. Ne4 h6 14. Nxd6 cxd6 15. Bxd5 exd5 16. Qb3 Ne7 17. Bd2 b6 18. Bb4 Bg4 19. Re3 Kh8 20. Rae1 Nf5 21. Rd3 Bxf3 22. Rxf3 Nxd4 23. Rxf8+ Qxf8 24. Qxd5 Nf5 25. g3 Rd8 26. Re6 Ne7 27. Qe4 Nc8 28. Rxh6+ Kg8 29. Qe6+ Qf7 30. Rh8+ 1-0


[Site "https://www.chess.com"]

[Event "Titled Tuesday Blitz May 4 2021"]
[White "Peralta, Eduardo"]
[Black "Demchenko, Anton"]
[WhiteFideId "3700062"]
[BlackFideId "4160258"]
[WhiteElo "2205"]
[BlackElo "2593"]
[Result "0-1"]
[Round "04"]
[TimeControl "180+1"]
[Date "2021.05.04"]
[WhiteClock "0:00:03"]
[BlackClock "0:00:59"]

1. d4 Nf6 2. c4 g6 3. Nc3 Bg7 4. e4 O-O 5. f3 d6 6. Bg5 Nc6 7. Nge2 a6 8. Qd2 Rb8 9. Rc1 Bd7 10. h4 h5 11. Nd5 Nh7 12. Bh6 e6 13. Bxg7 Kxg7 14. Ndc3 e5 15. d5 Na5 16. Nd1 b6 17. b4 Nb7 18. Ne3 a5 19. a3 axb4 20. axb4 Ra8 21. g4 Nf6 22. g5 Nh7 23. f4 exf4 24. Nxf4 Qe7 25. Bg2 Qe5 26. O-O Kg8 27. Rf2 Ra1 28. Rxa1 Qxa1+ 29. Rf1 Qe5 30. Nd3 Qd4 31. Kh1 Ra8 32. Qf2 Nd8 33. Nf4 Ra4 34. b5 Qe5 35. Nd3 Qc3 36. Nf4 Ra3 37. Re1 Ra1 38. Rxa1 Qxa1+ 39. Kh2 Nb7 40. Nd3 Qd4 41. Qe2 f6 42. gxf6 Nxf6 43. Nf4 Qxe3 0-1


[Site "https://www.chess.com"]

[Event "Titled Tuesday Blitz May 4 2021"]
[White "Perez, Maximiliano"]
[Black "Saucey, Michel"]
[WhiteFideId "117234"]
[BlackFideId "601845"]
[WhiteElo "2368"]
[BlackElo "2253"]
[Result "1-0"]
[Round "04"]
[TimeControl "180+1"]
[Date "2021.05.04"]
[WhiteClock "0:02:04"]
[BlackClock "0:01:38"]

1. e4 c5 2. Nf3 e6 3. d3 Nc6 4. g3 d5 5. Nbd2 Nf6 6. Bg2 g6 7. O-O Bg7 8. Re1 O-O 9. c3 Rb8 10. e5 Nd7 11. d4 b5 12. a3 a5 13. h4 b4 14. axb4 axb4 15. Nf1 bxc3 16. bxc3 Na5 17. Bg5 Qc7 18. Ne3 Nb3 19. Rb1 cxd4 20. cxd4 Na5 21. Rc1 Qa7 22. Ng4 Nc4 23. h5 Rb2 24. Bf6 Nxf6 25. exf6 Bh8 26. Nh6# 1-0


[Site "https://www.chess.com"]

[Event "Titled Tuesday Blitz May 4 2021"]
[White "Pesotskiy, Mikhail"]
[Black "Ferguson, Randal"]
[WhiteFideId "34164453"]
[BlackFideId "30903106"]
[WhiteElo "2052"]
[BlackElo "2131"]
[Result "1-0"]
[Round "04"]
[TimeControl "180+1"]
[Date "2021.05.04"]
[WhiteClock "0:01:04"]
[BlackClock "0:00:01"]

1. d4 Nf6 2. c4 g6 3. Nc3 d5 4. Bg5 Bg7 5. Bxf6 Bxf6 6. cxd5 O-O 7. Nf3 c5 8. dxc5 Na6 9. e3 Nxc5 10. Be2 Bf5 11. O-O Rc8 12. Nd4 Bd7 13. Rc1 Qa5 14. Qd2 Na4 15. Nb3 Qb4 16. Nxa4 Qxa4 17. Nc5 Rxc5 18. Rxc5 Qxa2 19. Rc7 Rd8 20. e4 Be5 21. Rxb7 Bd6 22. Qd4 a5 23. e5 Bb4 24. e6 Be8 25. Bc4 Qa4 26. b3 Qa3 27. Ra1 Bc5 28. Qc3 Bb4 29. Qe5 Bd6 30. exf7+ Bxf7 31. Rxa3 Bxe5 32. Rxa5 e6 33. Raa7 exd5 34. Bd3 Rf8 35. g3 Bd4 36. Ra4 Bc5 37. Rf4 Bd6 38. Rf6 1-0


[Site "https://www.chess.com"]

[Event "Titled Tuesday Blitz May 4 2021"]
[White "Piccoli, Lucas Fonseca"]
[Black "tylityli"]
[WhiteFideId "2190788"]
[WhiteElo "1776"]
[BlackElo "2334"]
[Result "0-1"]
[Round "04"]
[TimeControl "180+1"]
[Date "2021.05.04"]
[WhiteClock "0:00:45"]
[BlackClock "0:00:48"]

1. e4 e5 2. Nf3 Nc6 3. d4 exd4 4. Bc4 Nf6 5. e5 d5 6. Bb5 Ne4 7. Nxd4 Bd7 8. Bxc6 bxc6 9. f3 Qh4+ 10. g3 Nxg3 11. hxg3 Qxh1+ 12. Ke2 Qg2+ 13. Ke3 Qxg3 14. Nc3 Qxe5+ 15. Kd3 c5 16. Nde2 d4 17. Bf4 Bf5+ 18. Ne4 Qd5 19. b3 Bd6 20. Qg1 Bg6 21. Bxd6 cxd6 22. Nf4 Qf5 23. Nxg6 hxg6 24. Kd2 O-O-O 25. Qg3 Qe5 26. Qxe5 dxe5 27. Nxc5 Kc7 28. Ne4 f5 29. Ng5 Rd7 30. Re1 Kd6 31. c4 Rh2+ 32. Kd3 Rxa2 33. c5+ Kd5 34. Rc1 Rb7 35. Rc2 Rxb3+ 36. Kd2 Rxc2+ 37. Kxc2 Rc3+ 38. Kd2 Rxc5 0-1


[Site "https://www.chess.com"]

[Event "Titled Tuesday Blitz May 4 2021"]
[White "Pichot, Alan"]
[Black "Oliveira, Silvio Eduardo"]
[WhiteFideId "110973"]
[BlackFideId "2111560"]
[WhiteElo "2622"]
[BlackElo "2302"]
[Result "1-0"]
[Round "04"]
[TimeControl "180+1"]
[Date "2021.05.04"]
[WhiteClock "0:00:04"]
[BlackClock "0:00:13"]

1. e4 e5 2. Nf3 Nc6 3. Bc4 Bc5 4. c3 Nf6 5. d4 exd4 6. e5 d5 7. Bb5 Ne4 8. cxd4 Bb6 9. Nc3 O-O 10. Be3 Bg4 11. h3 Bh5 12. Qc2 Nxc3 13. bxc3 f6 14. exf6 Qxf6 15. Be2 Bg6 16. Bd3 Bxd3 17. Qxd3 Rae8 18. O-O Na5 19. Ne5 Qf5 20. Qxf5 Rxf5 21. Rae1 c6 22. f4 Bc7 23. g4 Rff8 24. Bc1 Bxe5 25. dxe5 Nc4 26. Kg2 g5 27. Kg3 gxf4+ 28. Bxf4 Re6 29. h4 Rfe8 30. Re2 b5 31. h5 h6 32. Bc1 Kg7 33. Rf6 Rxe5 34. Rg6+ Kf7 35. Rf2+ Ke7 36. Bxh6 Kd7 37. Rf7+ R8e7 38. Rxe7+ Rxe7 39. Bg5 Rf7 40. h6 Nd6 41. Rg7 Ke6 42. Rg6+ Kd7 43. Kh4 Ne4 44. Rg7 Ke6 45. Be3 Rxg7 46. hxg7 Kf7 47. Bxa7 Kxg7 48. Bd4+ Kg6 49. Be5 Nd2 50. Bd4 Nc4 51. Kg3 Na3 52. Kf3 Nc4 53. Kf4 Nd6 54. Ke5 Nc4+ 55. Ke6 Kg5 56. Kd7 Kxg4 57. Kxc6 Na3 58. Kxd5 Kf3 59. Kc5 Ke4 60. Kb4 Nc2+ 61. Kxb5 Kd5 62. a4 Na3+ 63. Kb4 Nc4 64. a5 Nd6 65. a6 Kc6 66. Ka5 Nc8 67. c4 Kc7 68. Kb5 Kb8 69. Kc6 Ne7+ 70. Kd7 Nf5 71. Bf2 Ka8 72. c5 Ka7 73. c6+ Kxa6 74. c7 Kb5 75. c8=Q 1-0


[Site "https://www.chess.com"]

[Event "Titled Tuesday Blitz May 4 2021"]
[White "Piesik, Piotr"]
[Black "Kavinda, Akila"]
[WhiteFideId "1136194"]
[BlackFideId "9901302"]
[WhiteElo "2369"]
[BlackElo "2043"]
[Result "1-0"]
[Round "04"]
[TimeControl "180+1"]
[Date "2021.05.04"]
[WhiteClock "0:00:32"]
[BlackClock "0:00:03"]

1. Nf3 g6 2. g3 Bg7 3. d4 Nf6 4. Bg2 O-O 5. O-O d5 6. c4 Nc6 7. cxd5 Nxd5 8. Nc3 Nxc3 9. bxc3 e5 10. Ba3 Re8 11. e3 Be6 12. Nd2 Na5 13. Qa4 c6 14. Rfe1 b5 15. Qc2 Rc8 16. Bc5 a6 17. a4 Nc4 18. Nxc4 Bxc4 19. axb5 axb5 20. Ra7 exd4 21. cxd4 Bd5 22. Bh3 Ra8 23. Rea1 Rxa7 24. Rxa7 Qf6 25. Bg2 Qe6 26. Bxd5 Qxd5 27. Qa2 Qxa2 28. Rxa2 Bf8 29. Rc2 Bxc5 30. Rxc5 Re6 31. Kf1 Kf8 32. Ke2 Ke7 33. Kd3 Kd7 34. e4 Kd6 35. f4 Re8 36. e5+ Kd7 37. d5 cxd5 38. Rxb5 Kc6 39. Ra5 Re7 40. Kd4 Rb7 41. Rc5+ Kd7 42. Rxd5+ Ke6 43. Rd6+ Kf5 44. Rf6+ Kg4 45. Kd5 g5 46. f5 Rd7+ 47. Kc6 Re7 48. Kd6 Ra7 49. e6 Ra6+ 50. Ke7 Ra7+ 51. Kf8 fxe6 52. fxe6 Ra8+ 53. Kf7 Kh3 54. Rh6+ Kg2 55. e7 1-0


[Site "https://www.chess.com"]

[Event "Titled Tuesday Blitz May 4 2021"]
[White "Pile, Richard"]
[Black "Martin, Lewis"]
[WhiteFideId "624110"]
[BlackFideId "410551"]
[WhiteElo "2376"]
[BlackElo "2145"]
[Result "1-0"]
[Round "04"]
[TimeControl "180+1"]
[Date "2021.05.04"]
[WhiteClock "0:00:45"]
[BlackClock "0:00:15"]

1. e4 c5 2. Nf3 d6 3. c3 Nf6 4. h3 Bd7 5. d3 g6 6. Be3 Bg7 7. Nbd2 Nc6 8. d4 cxd4 9. cxd4 O-O 10. a3 Rc8 11. Bd3 a6 12. O-O Ne8 13. Re1 e5 14. d5 Ne7 15. Qb3 b5 16. Nf1 f5 17. Ng5 f4 18. Bd2 h6 19. Ne6 Bxe6 20. dxe6 Kh7 21. Rac1 Rxc1 22. Rxc1 f3 23. g3 Nf6 24. Ne3 d5 25. exd5 e4 26. Bb1 Nexd5 27. Ba5 Qxa5 28. Nxd5 Nxd5 29. Qxd5 e3 30. e7 exf2+ 31. Kf1 Re8 32. Qf7 Rc8 33. Qxg6+ Kh8 34. Rxc8+ Bf8 35. Qh7# 1-0


[Site "https://www.chess.com"]

[Event "Titled Tuesday Blitz May 4 2021"]
[White "Piorun, Kacper"]
[Black "Budrewicz, Krzysztof"]
[WhiteFideId "1130420"]
[BlackFideId "1127950"]
[WhiteElo "2535"]
[BlackElo "2276"]
[Result "1-0"]
[Round "04"]
[TimeControl "180+1"]
[Date "2021.05.04"]
[WhiteClock "0:01:17"]
[BlackClock "0:00:48"]

1. e4 c5 2. Nf3 e6 3. g3 Nc6 4. Bg2 Nf6 5. d3 Be7 6. O-O O-O 7. Re1 d5 8. e5 Nd7 9. h4 b5 10. Bf4 a5 11. h5 a4 12. a3 Ba6 13. Nbd2 Nb6 14. Nf1 d4 15. h6 g6 16. Qd2 Nd5 17. Bg5 Rc8 18. Bxe7 Ncxe7 19. N1h2 Nf5 20. Ng4 c4 21. dxc4 Rxc4 22. Re4 Qc7 23. Nxd4 Nxd4 24. Rxd4 Rxc2 25. Qg5 Qe7 26. Qxe7 Nxe7 27. Rad1 Rcc8 28. Nf6+ Kh8 29. g4 Ng8 30. Nxg8 Kxg8 31. Rd6 1-0


[Site "https://www.chess.com"]

[Event "Titled Tuesday Blitz May 4 2021"]
[White "Plotnikov, Pavel"]
[Black "Bartel, Michal"]
[WhiteFideId "4170342"]
[BlackFideId "1119257"]
[WhiteElo "2298"]
[BlackElo "2271"]
[Result "0-1"]
[Round "04"]
[TimeControl "180+1"]
[Date "2021.05.04"]
[WhiteClock "0:00:07"]
[BlackClock "0:00:33"]

1. e4 e5 2. Nf3 Nc6 3. Bc4 g6 4. O-O Bg7 5. d3 Nge7 6. c3 O-O 7. h3 h6 8. Re1 d6 9. Nbd2 Kh7 10. Nf1 f5 11. Ng3 f4 12. Ne2 Na5 13. Bb5 a6 14. Ba4 b5 15. Bc2 c5 16. d4 Nac6 17. b3 Bb7 18. Bb2 Qc7 19. Kh1 Rac8 20. Rc1 g5 21. Ba3 Qa5 22. Bb2 Qxa2 23. Rb1 Qa5 24. dxc5 dxc5 25. Qd6 Qb6 26. Qe6 Rcd8 27. Qg4 Bc8 28. Qh5 Kg8 29. c4 b4 30. Rbd1 Nd4 31. Nexd4 cxd4 32. Bd3 Qc5 33. Nh2 Be6 34. Ra1 Bf7 35. Qf3 Rd6 36. Ra2 a5 37. Rea1 Nc6 38. Qd1 h5 39. Be2 Rh6 40. Qd3 Bf6 41. f3 Bd8 42. Bc1 Nb8 43. Bd2 Nd7 44. Be1 Qe7 45. Qc2 Nc5 46. Rxa5 Bxa5 47. Rxa5 Rb8 48. Rb5 Rxb5 49. cxb5 Nxb3 50. Qc8+ Kg7 51. h4 Qc5 52. Qf5 Be6 53. Qxg5+ Rg6 54. Qd8 Qc1 55. Qe7+ Bf7 56. Qxe5+ Kg8 57. Qb8+ Kh7 58. Bf1 Qxe1 59. Qxf4 Bc4 60. Qc7+ Rg7 61. Qxc4 Nd2 62. Qd5 Qxh4 63. Bd3 Qg5 64. e5+ Kh8 65. Qa8+ Rg8 66. f4 Rxa8 67. fxg5 Ra1+ 68. Nf1 Nxf1 69. b6 Ne3+ 70. Kh2 Ra8 71. Kg3 Rb8 72. Kf4 Rxb6 73. Ke4 Nxg2 74. Kxd4 b3 75. Kc5 Rb8 76. Kd6 Nf4 77. Bb1 h4 78. e6 Nxe6 79. Kxe6 h3 80. Kf7 Rb7+ 81. Kf8 h2 82. Be4 Rg7 83. g6 b2 84. Bh1 b1=Q 85. Bc6 Qb8+ 86. Be8 Rg8+ 87. Kf7 Qxe8+ 88. Kf6 Rxg6+ 89. Kf5 Qe6+ 90. Kf4 Rg4+ 91. Kf3 h1=Q+ 92. Kf2 Qee1# 0-1


[Site "https://www.chess.com"]

[Event "Titled Tuesday Blitz May 4 2021"]
[White "Poormosavi, Seyed Kian"]
[Black "Region_07"]
[WhiteFideId "12585807"]
[WhiteElo "2134"]
[BlackElo "2375"]
[Result "0-1"]
[Round "04"]
[TimeControl "180+1"]
[Date "2021.05.04"]
[WhiteClock "0:00:10"]
[BlackClock "0:00:04"]

1. e4 Nc6 2. d4 d5 3. e5 f6 4. exf6 Nxf6 5. c3 e5 6. dxe5 Nxe5 7. Nf3 Bd6 8. Nxe5 Bxe5 9. Bd3 O-O 10. Nd2 c6 11. O-O Bxh2+ 12. Kxh2 Ng4+ 13. Kg3 h5 14. Nf3 Qd6+ 15. Kh4 Nxf2 16. Qe2 Rf4+ 17. Kg3 Re4+ 18. Kxf2 Rxe2+ 19. Kxe2 Bg4 20. Kd2 Re8 21. Kc2 Qd7 22. Bf4 Bf5 23. Bg5 Re2+ 24. Nd2 Bxd3+ 25. Kxd3 Rxg2 26. Be3 Qg4 27. Rae1 Qg6+ 28. Kd4 Rg4+ 29. Kc5 b6# 0-1


[Site "https://www.chess.com"]

[Event "Titled Tuesday Blitz May 4 2021"]
[White "Prilleltensky, Matan"]
[Black "Grigoryan, Meri"]
[WhiteFideId "2024810"]
[BlackFideId "13300571"]
[WhiteElo "2190"]
[BlackElo "2007"]
[Result "1/2-1/2"]
[Round "04"]
[TimeControl "180+1"]
[Date "2021.05.04"]
[WhiteClock "0:00:30"]
[BlackClock "0:00:13"]

1. c4 c5 2. Nf3 Nf6 3. Nc3 Nc6 4. e3 e6 5. d4 d5 6. cxd5 Nxd5 7. Bd3 cxd4 8. exd4 g6 9. O-O Bg7 10. Bg5 Qb6 11. Na4 Qa5 12. Bd2 Qd8 13. Be3 Nxe3 14. fxe3 O-O 15. Rc1 e5 16. dxe5 Nxe5 17. Be4 Qe7 18. Qb3 Be6 19. Qxb7 Qxb7 20. Bxb7 Rab8 21. Nc5 Nxf3+ 22. gxf3 Bxb2 23. Rb1 Be5 24. Nxe6 fxe6 25. Be4 Rxb1 26. Rxb1 Rb8 27. Rb3 Rxb3 28. axb3 a5 29. h3 Kf7 30. Kf2 Kf6 31. Ke2 Bc3 32. Kd3 Bb4 33. Bc6 h6 34. Ke4 Bc3 35. Bb5 Bb4 36. Be8 Bc3 37. f4 Bb4 38. Kd3 Kf5 39. Bc6 Kf6 40. e4 e5 41. Ke3 exf4+ 42. Kxf4 Bd2+ 43. Kf3 Ke5 44. Be8 g5 45. Bc6 h5 46. Be8 g4+ 47. hxg4 hxg4+ 48. Kxg4 Kxe4 49. Bf7 Kd4 50. Kf3 Kc3 51. Ke2 Bg5 52. Kf3 Kb4 53. Kg4 Be7 54. Kf4 a4 55. bxa4 Kxa4 1/2-1/2


[Site "https://www.chess.com"]

[Event "Titled Tuesday Blitz May 4 2021"]
[White "Prithu Gupta"]
[Black "Shapkin, Anatoliy"]
[WhiteFideId "46618546"]
[BlackFideId "34108332"]
[WhiteElo "1775"]
[BlackElo "2221"]
[Result "1-0"]
[Round "04"]
[TimeControl "180+1"]
[Date "2021.05.04"]
[WhiteClock "0:00:19"]
[BlackClock "0:00:04"]

1. d4 Nf6 2. Nf3 g6 3. g3 Bg7 4. Bg2 c5 5. d5 b5 6. O-O d6 7. c4 O-O 8. Na3 b4 9. Nc2 a5 10. Rb1 a4 11. Nd2 Nbd7 12. b3 axb3 13. axb3 Nb6 14. e4 e5 15. dxe6 Bxe6 16. Bb2 Ra2 17. Ne3 Nfd7 18. Bxg7 Kxg7 19. Nf3 Ne5 20. Nxe5 dxe5 21. Nd5 Bxd5 22. cxd5 Qd6 23. Ra1 Rfa8 24. Rxa2 Rxa2 25. f4 f6 26. Kh1 Rb2 27. Qa1 Rxb3 28. Qa7+ Kh6 29. fxe5 fxe5 30. Rf7 Rb1+ 31. Bf1 Nxd5 32. exd5 Qxd5+ 33. Kg1 Qd4+ 34. Kh1 Qd5+ 35. Kg1 Qd4+ 36. Kg2 Qe4+ 37. Kh3 Qd5 38. Rxh7+ Kg5 39. Qe7+ Kf5 40. Rf7+ Ke4 41. Bg2+ Kd4 42. Bxd5 1-0


[Site "https://www.chess.com"]

[Event "Titled Tuesday Blitz May 4 2021"]
[White "Prydun, Andriy"]
[Black "Domingo Nunez, Alejandro"]
[WhiteFideId "14145898"]
[BlackFideId "22245561"]
[WhiteElo "2033"]
[BlackElo "2269"]
[Result "1-0"]
[Round "04"]
[TimeControl "180+1"]
[Date "2021.05.04"]
[WhiteClock "0:02:13"]
[BlackClock "0:00:43"]

1. d4 Nf6 2. Nc3 d5 3. Bf4 g6 4. e3 Bg7 5. h4 Bf5 6. f3 h5 7. Qe2 c5 8. O-O-O cxd4 9. Rxd4 Nc6 10. Rd1 e5 11. Bg5 Ne7 12. e4 Be6 13. exd5 Nexd5 14. Nxd5 Bxd5 15. Qb5+ Kf8 16. Bxf6 Qxf6 17. Qxd5 e4 18. Qd6+ Qxd6 19. Rxd6 exf3 20. Nxf3 Re8 21. Bc4 Bh6+ 22. Ng5 Kg7 23. Rd7 Rhf8 24. Rf1 b5 25. Rfxf7+ Rxf7 26. Rxf7+ Kg8 27. Re7+ 1-0


[Site "https://www.chess.com"]

[Event "Titled Tuesday Blitz May 4 2021"]
[White "Przybylski, Wojciech"]
[Black "Papasimakopoulos, Alexandros"]
[WhiteFideId "1117599"]
[BlackFideId "4244125"]
[WhiteElo "2317"]
[BlackElo "2352"]
[Result "0-1"]
[Round "04"]
[TimeControl "180+1"]
[Date "2021.05.04"]
[WhiteClock "0:00:01"]
[BlackClock "0:00:15"]

1. e4 e6 2. d4 d5 3. exd5 exd5 4. Nf3 Bg4 5. Bd3 Nc6 6. Qe2+ Be7 7. c3 Nf6 8. h3 Bh5 9. Be3 Ne4 10. g4 Bg6 11. Ne5 O-O 12. Nxg6 hxg6 13. Nd2 f5 14. Nxe4 fxe4 15. Bc2 Bg5 16. O-O-O Bxe3+ 17. Qxe3 Rf3 18. Qe2 Qg5+ 19. Kb1 Raf8 20. Qb5 Rxf2 21. Bxe4 Ne7 22. Bd3 Rd2 23. Rhf1 Rxd1+ 24. Rxd1 Qe3 25. Qc5 c6 26. Qd6 Kh7 27. h4 Rf6 28. Qe5 Qxe5 29. dxe5 Rf4 30. Rg1 Kg8 31. h5 g5 32. Kc2 Kf7 33. Kd2 Ke6 34. Rh1 Ng8 35. Bf5+ Ke7 36. Ke3 Nh6 37. Bd3 Nxg4+ 38. Ke2 Nxe5 39. Bc2 Ng4 40. Kd1 Nf2+ 41. Kd2 Nxh1 42. Ke3 Rh4 43. Bd1 Ng3 44. Kf2 Nxh5 45. Kg2 Nf4+ 46. Kg3 Kf6 0-1


[Site "https://www.chess.com"]

[Event "Titled Tuesday Blitz May 4 2021"]
[White "Qi, Henry"]
[Black "Kaufman, Raymond"]
[WhiteFideId "2073188"]
[BlackFideId "2015056"]
[WhiteElo "2123"]
[BlackElo "2321"]
[Result "0-1"]
[Round "04"]
[TimeControl "180+1"]
[Date "2021.05.04"]
[WhiteClock "0:00:19"]
[BlackClock "0:00:53"]

1. d4 Nf6 2. c4 e6 3. Nc3 Bb4 4. a3 Bxc3+ 5. bxc3 c5 6. f3 b6 7. e4 Nc6 8. Bg5 Ba6 9. e5 h6 10. Bh4 g5 11. Bf2 Nh5 12. h4 Nf4 13. Nh3 Nxh3 14. Rxh3 Na5 15. Qc1 Nb3 16. Qb1 Nxa1 17. Qxa1 cxd4 18. cxd4 Rc8 19. Qc1 g4 20. fxg4 Bxc4 21. Bxc4 b5 22. Be3 Rxc4 23. Qd2 Qc7 24. Bxh6 Rc2 25. Qg5 Qc4 26. Re3 Qxd4 27. Qg7 Qd2+ 0-1


[Site "https://www.chess.com"]

[Event "Titled Tuesday Blitz May 4 2021"]
[White "Quesada Perez, Yasser"]
[Black "Csonka, Balazs"]
[WhiteFideId "3509362"]
[BlackFideId "742910"]
[WhiteElo "2420"]
[BlackElo "2404"]
[Result "1/2-1/2"]
[Round "04"]
[TimeControl "180+1"]
[Date "2021.05.04"]
[WhiteClock "0:00:03"]
[BlackClock "0:00:04"]

1. e4 e6 2. d4 d5 3. Nc3 Nf6 4. e5 Nfd7 5. Nce2 c5 6. c3 Nc6 7. f4 Be7 8. Nf3 O-O 9. g3 b5 10. a3 a5 11. Bh3 Ba6 12. O-O b4 13. Rf2 bxc3 14. bxc3 cxd4 15. cxd4 g6 16. g4 f5 17. gxf5 exf5 18. Bg2 Re8 19. Nc3 Nf8 20. Be3 Ne6 21. Bf1 Bxf1 22. Qxf1 Qd7 23. Kh1 Reb8 24. Qd1 a4 25. Nxa4 Ncxd4 26. Nxd4 Nxd4 27. Nc3 Nb3 28. Rb1 Rxa3 29. Qxd5+ Qxd5+ 30. Nxd5 Bf8 31. Rfb2 Kf7 32. Nf6 Be7 33. Nd7 Rd8 34. Rxb3 Rxb3 35. Rxb3 Rxd7 36. Kg2 Ke6 37. Kf3 Kf7 38. Rb6 Rd3 39. Rc6 Ke8 40. h3 Kd7 41. Rc2 Ra3 42. Rd2+ Ke6 43. Rc2 Rb3 44. Ke2 Kd5 45. Rd2+ Ke6 46. Rc2 Kd5 47. Rc7 Ke6 48. Rc1 Rb2+ 49. Kf3 Rb3 50. Ke2 Rb2+ 51. Kf3 Rb3 52. Ke2 1/2-1/2


[Site "https://www.chess.com"]

[Event "Titled Tuesday Blitz May 4 2021"]
[White "Quesada Perez, Yuniesky"]
[Black "Rakotomaharo, Fy Antenaina"]
[WhiteFideId "3504409"]
[BlackFideId "13100050"]
[WhiteElo "2622"]
[BlackElo "2378"]
[Result "1-0"]
[Round "04"]
[TimeControl "180+1"]
[Date "2021.05.04"]
[WhiteClock "0:00:04"]
[BlackClock "0:00:04"]

1. e4 e5 2. Nf3 Nc6 3. Bc4 Bc5 4. c3 Nf6 5. d3 a5 6. O-O d6 7. Re1 Ba7 8. h3 h6 9. d4 Qe7 10. Be3 Bd7 11. Nbd2 g5 12. dxe5 dxe5 13. Bxa7 Nxa7 14. Nf1 g4 15. hxg4 O-O-O 16. N3h2 h5 17. g5 Ng4 18. Qe2 Qxg5 19. Rad1 Nc6 20. Ne3 Rdg8 21. Nf3 Qg7 22. Nh4 Qg5 23. Nf3 Qh6 24. Bxf7 Rg7 25. Bb3 Rf8 26. Nf5 Bxf5 27. exf5 Rxf5 28. Qd3 Qf6 29. Qd5 Kb8 30. Kf1 Rxf3 31. gxf3 Nh2+ 32. Ke2 e4 33. fxe4 Qf3+ 34. Kd2 Qxf2+ 35. Kc1 Nf3 36. Rf1 Qe2 37. Qd3 Qxd3 38. Rxd3 Nfe5 39. Re3 Re7 40. Re2 Ka7 41. Kc2 Rd7 42. Bd5 Re7 43. Bxc6 Nxc6 44. Rf5 Rh7 45. Rh2 h4 46. Rf4 h3 47. Rf3 Ne5 48. Rfxh3 Re7 49. Rh4 Nc4 50. Re2 Re5 51. b3 Nd6 52. Rf4 Kb6 53. Kd3 Nc8 54. Rf6+ c6 55. Rf5 Re7 56. e5 Rd7+ 57. Kc2 Re7 58. e6 Nd6 59. Rf4 Kc7 60. c4 b6 61. Kc3 Nb7 62. Rf7 Kd6 63. Rxe7 Kxe7 64. Kd4 Nc5 65. Ke5 Nd3+ 66. Kf5 Nc5 67. Rh2 Kd6 68. Rh7 1-0


[Site "https://www.chess.com"]

[Event "Titled Tuesday Blitz May 4 2021"]
[White "Quintiliano Pinto, Renato R."]
[Black "Escobar Forero, Alder"]
[WhiteFideId "2117568"]
[BlackFideId "4400801"]
[WhiteElo "2439"]
[BlackElo "2513"]
[Result "1-0"]
[Round "04"]
[TimeControl "180+1"]
[Date "2021.05.04"]
[WhiteClock "0:00:08"]
[BlackClock "0:00:02"]

1. d4 Nf6 2. c4 d6 3. Nf3 Nbd7 4. Nc3 e5 5. e4 Be7 6. Be2 O-O 7. O-O c6 8. Qc2 Qc7 9. Rd1 a6 10. Bg5 Re8 11. Rac1 exd4 12. Nxd4 h6 13. Bh4 Ne5 14. h3 Bd7 15. Bg3 Bf8 16. f4 Ng6 17. Bf3 Rad8 18. Kh1 Bc8 19. Qf2 Qa5 20. Bh2 Qb4 21. Qd2 a5 22. a3 Qb6 23. Re1 d5 24. cxd5 cxd5 25. exd5 Rxe1+ 26. Rxe1 Bd6 27. Ndb5 Bb8 28. f5 Bxh2 29. fxg6 Bg3 30. gxf7+ Kxf7 31. Rf1 Qc5 32. Nd4 Be5 33. Ne6 Bxe6 34. dxe6+ Ke7 35. Qe2 Bxc3 36. bxc3 Qxc3 37. Bxb7 Qxa3 38. Bf3 Qd6 39. Re1 Rc8 40. Qe3 Rc7 41. Qb3 Qb4 42. Qe3 a4 43. Ra1 Qc4 44. Qa3+ Kxe6 45. Re1+ Kf7 46. Bd1 Kg8 47. Bxa4 Kh8 48. Qf8+ 1-0


[Site "https://www.chess.com"]

[Event "Titled Tuesday Blitz May 4 2021"]
[White "Quirke, Jeffrey"]
[Black "Perez Rodriguez, Jennifer"]
[WhiteFideId "2013029"]
[BlackFideId "3507831"]
[WhiteElo "2245"]
[BlackElo "2170"]
[Result "0-1"]
[Round "04"]
[TimeControl "180+1"]
[Date "2021.05.04"]
[WhiteClock "0:00:01"]
[BlackClock "0:00:17"]

1. d4 Nf6 2. c4 e6 3. Nc3 d5 4. cxd5 exd5 5. Bg5 Be7 6. e3 O-O 7. Bd3 c6 8. Qc2 Nbd7 9. Nge2 Re8 10. f3 Nf8 11. O-O b5 12. Rad1 a5 13. Kh1 h6 14. Bh4 Ne6 15. Bf2 Bb7 16. e4 dxe4 17. fxe4 Ng4 18. Bg1 Bg5 19. Rf3 Qd6 20. h3 h5 21. hxg4 hxg4 22. Rg3 Nxd4 23. Bxd4 c5 24. Nxb5 Qh6+ 25. Kg1 cxd4 26. Nbxd4 Be3+ 27. Rxe3 Qxe3+ 28. Kh2 g3+ 29. Nxg3 Qxd4 30. e5 Qxe5 31. Bh7+ Kh8 32. Rd3 Rac8 33. Qb1 g6 34. Bxg6 fxg6 35. Kg1 Rcd8 36. Rxd8 Rxd8 0-1


[Site "https://www.chess.com"]

[Event "Titled Tuesday Blitz May 4 2021"]
[White "Quparadze, Giga"]
[Black "Colas, Joshua"]
[WhiteFideId "13602250"]
[BlackFideId "2044447"]
[WhiteElo "2658"]
[BlackElo "2347"]
[Result "1-0"]
[Round "04"]
[TimeControl "180+1"]
[Date "2021.05.04"]
[WhiteClock "0:00:21"]
[BlackClock "0:00:09"]

1. e4 d5 2. exd5 Qxd5 3. Nc3 Qa5 4. d4 Nf6 5. Bc4 c6 6. Bd2 Bf5 7. Nge2 Qc7 8. Ng3 Bg6 9. Qe2 e6 10. O-O-O Bd6 11. Nge4 Nxe4 12. Nxe4 Bf4 13. g3 Bxd2+ 14. Rxd2 Nd7 15. h4 h6 16. Nc3 O-O-O 17. Bb3 Rhe8 18. f4 h5 19. Ne4 Bxe4 20. Qxe4 Nf6 21. Qe2 g6 22. Rhd1 Rd7 23. Qe5 Qxe5 24. fxe5 Ng4 25. Rf1 Red8 26. Rd3 Nh6 27. c3 c5 28. Ba4 Rc7 29. d5 Rxd5 30. Rxd5 exd5 31. e6 Re7 32. exf7 Rxf7 33. Rd1 Rf5 34. Bc2 Rf3 35. Bxg6 Rxg3 36. Bxh5 Nf5 37. Rxd5 Rg1+ 38. Kd2 Rg2+ 39. Be2 Nxh4 40. Rxc5+ Kd7 41. Ke3 Ng6 42. b4 Ne7 43. a4 b6 44. Rh5 Rg6 45. Bf3 Kc7 46. Rh7 Kd6 47. c4 Re6+ 48. Kd3 a5 49. c5+ bxc5 50. bxa5 Nc6 51. Rh5 Nxa5 52. Rd5+ Kc7 53. Rxc5+ Kb6 54. Rb5+ Ka6 55. Bd5 Rd6 56. Kd4 Rd8 57. Kc5 Rc8+ 58. Kb4 Nc6+ 59. Ka3 Nd4 60. Bb7+ Ka7 61. Bxc8 1-0


[Site "https://www.chess.com"]

[Event "Titled Tuesday Blitz May 4 2021"]
[White "Ranindu2003"]
[Black "Serikbay, Assel"]
[BlackFideId "13706799"]
[WhiteElo "2591"]
[BlackElo "2044"]
[Result "1-0"]
[Round "04"]
[TimeControl "180+1"]
[Date "2021.05.04"]
[WhiteClock "0:00:27"]
[BlackClock "0:00:03"]

1. e4 c5 2. Nf3 Nc6 3. d4 cxd4 4. c3 Nf6 5. e5 Nd5 6. cxd4 e6 7. Nc3 d6 8. Bd3 Be7 9. O-O O-O 10. Qe2 g6 11. Rd1 dxe5 12. dxe5 Nxc3 13. bxc3 Qc7 14. Bf4 b6 15. h4 Bb7 16. h5 Rad8 17. Qc2 Kg7 18. Qc1 Rfe8 19. Bh6+ Kh8 20. hxg6 fxg6 21. Qf4 Bf8 22. Bg5 Rd5 23. Bf6+ Kg8 24. c4 Rc5 25. Qh4 Bg7 26. Re1 Bxf6 27. exf6 e5 28. Ng5 Nd8 29. f7+ Nxf7 30. Qxh7+ Kf8 31. Bxg6 Nxg5 32. Qh8+ Ke7 33. Qxe8+ Kf6 34. Bh5 Ne4 35. Qg6+ Ke7 36. Rxe4 Bxe4 37. Qxe4 Rxc4 38. Qe3 Rc3 39. Qg5+ Kd6 40. Rd1+ Kc5 41. Qd2 Kb4 42. Rb1+ Ka5 43. Rc1 Kb4 44. a3+ Kb3 45. Bf7+ 1-0


[Site "https://www.chess.com"]